 Dungeon Crawl Stone Soup version 0.24-a0-201-gf205589 (webtiles) character file.

Game seed: 15967351769999100760

753 Hasart the Covered (level 7, -1/44 HPs)
             Began as a Gargoyle Fighter on Mar 21, 2019.
             Killed by divine providence
             ... invoked by an orc priest
              (12 damage)
             ... on level 5 of the Dungeon.
             The game lasted 00:06:09 (3462 turns).

Hasart the Covered (Gargoyle Fighter)               Turns: 3462, Time: 00:06:09

Health: -1/44      AC: 18    Str: 21    XL:     7   Next: 78%
Magic:  7/7        EV:  7    Int:  9    God:
Gold:   230        SH: 10    Dex:  9    Spells: 6/6 levels left

rFire    . . .     SeeInvis .   a - +0 long sword
rCold    . . .     Gourm    .   c - +0 shield
rNeg     + . .     Faith    .   b - +0 scale mail
rPois    ∞         Spirit   .   (no helmet)
rElec    +         Reflect  .   (no cloak)
rCorr    .         Harm     .   (no gloves)
MR       .....                  i - +0 pair of boots
Stlth    ..........             (no amulet)
HPRegen  0.14/turn              l - +5 ring of protection
MPRegen  0.10/turn              (no ring)

@: no status effects
A: negative energy resistance 1, electricity resistance, unbreathing,
petrification resistance, rot immunity, AC +4
a: no special abilities


You were on level 5 of the Dungeon.
You were not hungry.

You visited 1 branch of the dungeon, and saw 5 of its levels.
You also visited: Ossuary.

You collected 230 gold pieces.

Inventory:

Hand Weapons
 a - a +0 long sword (weapon)
Armour
 b - a +0 scale mail (worn)
 c - a +0 shield (worn)
 i - a +0 pair of boots (worn)
Jewellery
 l - a +5 ring of protection (left hand)
Scrolls
 e - 7 scrolls of identify {unknown}
 h - 2 scrolls of teleportation {unknown}
 k - 5 scrolls of remove curse {unknown}
 o - 2 scrolls of immolation {unknown}
 r - 6 scrolls of random uselessness {unknown}
 s - 3 scrolls of noise {unknown}
 v - a scroll of fear {unknown}
Potions
 d - 3 potions of might
 g - a potion of cancellation {unknown}
 j - 12 potions of degeneration {unknown}
 m - 2 potions of curing {unknown}
 n - 3 potions of lignification {unknown}
 p - 2 potions of haste {unknown}
 q - a potion of ambrosia {unknown}
 t - a potion of mutation {unknown}
 u - a potion of flight {unknown}
 w - 2 potions of heal wounds {unknown}
Comestibles
 f - 6 rations
 x - 2 chunks of flesh


   Skills:
 + Level 5.2 Fighting
 * Level 5.1 Long Blades
 + Level 5.2 Armour
 + Level 5.2 Shields


You had 6 spell levels left.
You didn't know any spells.
Your spell library was empty.

Dungeon Overview and Level Annotations

Branches:
Dungeon (5/15)
 Temple: D:4-7

Altars:
Cheibriados
Elyvilon


Innate Abilities, Weirdness & Mutations

You are resistant to torment.
Your stone body is resilient. (AC +4)
You are immune to poison.
You resist negative energy. (rN+)
You are resistant to electric shocks. (rElec)
You can survive without breathing.
You are immune to petrification.
You are immune to rotting.


Message History

The orc wizard hits you but does no damage.
You hit the orc wizard.
The orc wizard is lightly wounded.
You block the orc wizard's attack.
The orc wizard points at you and mumbles some strange words.
The puff of flame hits you!
You slash the orc wizard!
The orc wizard is severely wounded.
The orc wizard hits you but does no damage.
The orc wizard hits you with a +0 dagger.
The orc priest mumbles some strange prayers to Beogh against you.
Beogh smites you!
* * * LOW HITPOINT WARNING * * *
The orc wizard gestures at you while chanting.
The puff of flame hits you but does no damage.
The orc wizard gestures at you while chanting.
The magic dart hits you but does no damage.
The orc priest mumbles some strange prayers to Beogh against you.
Beogh smites you!
You die...

...# ####.....#...##...##.......
...####..'.....#..##.....##......
...'..#.##.......#####'#####.....
(..##.#.##....#..............####
......#.##....#...#.#.##..#######
....###.##....#..##.#.###........
....# #.##....#..##.#.# #........
....# #..'....##.##.#.# #<.......
..[.# ####....##@##.#.# #>...[...
....# .. #.#####.##.#.# #........
..).##.# #......o.#.#.# #........
.....#.# ########o# #########
.....#.# #†# ...<...# .. #o#
.....##...... #...# ..#..#.......
......# ..#....# #+## o.....##


You could see an orc priest, an orc wizard and an orc.

Vanquished Creatures
  An ogre (D:5)
  A bullfrog zombie (D:5)
  3 centaur zombies
  A hound (D:5)
  3 jellies (D:3)
  An orc wizard (D:5)
  Natasha (thrice) (D:3)
  A worker ant (D:5)
  2 big kobold zombies (Ossuary)
  A hound skeleton (D:5)
  4 mummies
  4 gnolls
  2 adders (D:2)
  8 oozes
  An adder skeleton (D:4)
  2 worms
  2 dart slugs
  3 leopard geckos
  5 orcs
  4 giant cockroaches
  3 gnoll zombies (Ossuary)
  4 goblins
  9 hobgoblins
  4 jackals (D:2)
  2 quokkas
  9 bats
  3 frilled lizards
  A hobgoblin zombie (Ossuary)
  12 kobolds
  A leopard gecko skeleton (D:4)
  2 rats
102 creatures vanquished.

Vanquished Creatures (others)
  6 fungi (D:3)
  5 toadstools (D:3)
11 creatures vanquished.

Grand Total: 113 creatures vanquished

Notes
Turn   | Place    | Note
-------+----------+-------------------------------------------
     0 | D:1      | Hasart the Gargoyle Fighter began the quest for the Orb.
     0 | D:1      | Reached XP level 1. HP: 14/14 MP: 1/1
   151 | D:1      | Reached XP level 2. HP: 19/19 MP: 2/2
   413 | D:1      | Reached XP level 3. HP: 23/23 MP: 3/3
   741 | D:2      | Found a snail-covered altar of Cheibriados.
   860 | D:2      | Reached XP level 4. HP: 26/29 MP: 4/4
  1359 | D:3      | Reached XP level 5. HP: 12/33 MP: 5/5
  1631 | D:3      | Noticed Natasha
  1655 | D:3      | Killed Natasha
  1678 | D:3      | Reached XP level 6. HP: 22/38 MP: 6/6
  1932 | D:3      | Noticed Natasha
  1944 | D:3      | Killed Natasha
  2188 | D:3      | Noticed Natasha
  2195 | D:3      | Killed Natasha
  2206 | D:3      | Found a white marble altar of Elyvilon.
  2533 | D:4      | You fall through a shaft!
  2533 | D:5      | Entered Level 5 of the Dungeon
  2664 | D:5      | Reached XP level 7. HP: 26/44 MP: 7/7
  2862 | D:5      | Found a sand-covered staircase.
  2877 | Ossuary  | Entered an ossuary
  2998 | Ossuary  | Reached skill level 5 in Armour
  2998 | Ossuary  | Reached skill level 5 in Shields
  3021 | Ossuary  | Reached skill level 5 in Fighting
  3135 | Ossuary  | Reached skill level 5 in Long Blades
  3462 | D:5      | Killed from afar by an orc priest

Levels and vault maps discovered:
D:1:      sevenhm_arrival_forest_fort_small_5, layout_basic, eino_curves_02
D:2:      layout_rooms, cheibriados_altar_1, first_ration
D:3:      cheibrodos_fertilizer, layout_basic, elyvilon_altar_3, uniq_natasha
D:4:      layout_rooms, grunt_temple_overflow_cloverleaf, serial_shops, shop
D:5:      layout_basic, kennysheep_little_box, gup_ossuary_entry_pyramid
Ossuary:  ossuary_crypta

Skill      XL: |  1  2  3  4  5  6  7 |
---------------+----------------------+-----
Long Blades    | 2 3 4 5 |  5.1
Fighting       | 4 5 |  5.2
Armour         | 4 5 |  5.2
Shields        | 4 5 |  5.2

Action                   |  1- 3 |  4- 6 |  7- 9 || total
-------------------------+-------+-------+-------++-------
Melee: Long sword        |   123 |   208 |   117 ||   448
  Eat: Chunk             |       |     6 |     1 ||     7
       Ration            |       |       |     1 ||     1
Armor: Scale mail        |   116 |   130 |    59 ||   305
Dodge: Dodged            |    56 |    65 |    25 ||   146
Block: Shield            |    87 |   112 |    44 ||   243
       Rpst.: Long sword |    13 |    22 |    13 ||    48

Table legend:
 A = Non-vault XP
 B = Vault XP
 C = Vault XP percentage of total XP
 D = Non-vault monster count
 E = Vault monster count
 F = Vault count percentage of total count
                 A         B        C        D         E       F
            +---------+---------+-------+---------+---------+-------
      Total |     620 |     456 |  42.4 |      72 |      30 |  29.4
            +---------+---------+-------+---------+---------+-------
        D:1 |      36 |       0 |   0.0 |      14 |       0 |   0.0
        D:2 |      74 |       0 |   0.0 |      26 |       0 |   0.0
        D:3 |     133 |     225 |  62.8 |      15 |      17 |  53.1
        D:4 |       8 |       7 |  46.7 |       3 |       1 |  25.0
        D:5 |     369 |      18 |   4.7 |      14 |       1 |   6.7
    Ossuary |       0 |     206 | 100.0 |       0 |      11 | 100.0
            +---------+---------+-------+---------+---------+-------
